 Dungeon Crawl Stone Soup version 0.31-a0-664-g902f515a81 (webtiles) character file.

Game seed: 15106958586009285371

152903 Xavori the Unseen (level 17, -1/132 (135) HPs)
             Began as an Octopode Chaos Knight on Sept 3, 2023.
             Was a Plaything of Xom.
             Slain by a spectral spriggan berserker (12 damage)
             ... called from beyond by a ghost crab
             ... on level 4 of the Swamp.
             The game lasted 00:35:48 (27526 turns).

Xavori the Unseen (Octopode Chaos Knight)          Turns: 27526, Time: 00:35:49

HP:   -1/132 (135)  AC: 15    Str: 21    XL:     17   Next: 59%
MP:   5/5           EV: 33    Int: 20    God:    Xom [*.....]
Gold: 1403          SH: 23    Dex: 35    Spells: 13/16 levels left

rFire   + + +        R - +5 dagger "Keehul" {antimagic, rElec rPois Dex+8}
rCold   + + .        o - +2 kite shield
rNeg    . . .        (helmet currently unavailable)
rPois   +            A - amulet of reflection
rElec   +            j - ring of protection from fire
rCorr   +            p - +4 ring of protection
SInv    +            B - +4 ring of protection
Will    +....        C - +5 ring of evasion Stlth *+++++++++
                     F - ring of Benlec {Ice Str+4 Dex+5}
HPRegen 0.42/turn    P - +6 ring of strength
MPRegen 0.09/turn    s - ring "Hetul" {rF++ rC+ rCorr Int+6}
                     (no ring)

%: reflection
@: about to teleport, beast-form, lightly drained
A: beast (slay +4), almost no armour, amphibious, 8 rings, camouflage 1,
gelatinous body 1, nimble swimmer 1, tentacles, fangs 1, tentacle spike 2,
iridescent scales 2, see invisible, agile 1, fire resistance 1, robust 2, shaggy
fur 2, electricity resistance
a: Begin Untransformation, Renounce Religion


You were on level 4 of the Swamp.
You worshipped Xom.
You were a special plaything of Xom.
You were a hulking beast.
You visited 4 branches of the dungeon, and saw 26 of its levels.

You collected 3287 gold pieces.
You spent 1884 gold pieces at shops.

Inventory:

Hand Weapons
 K - the +6 short sword of the Disturbing Beasts {heavy, rElec rF+ Int+2 Dex-2}
   (You acquired it on level 5 of the Lair of Beasts)

   Int+2:     It affects your intelligence (+2).
   Dex-2:     It affects your dexterity (-2).
   rF+:       It protects you from fire.
   rElec:     It insulates you from electricity.
 R - the +5 dagger "Keehul" (weapon) {antimagic, rElec rPois Dex+8}
   (You found it on level 3 of the Lair of Beasts)

   Dex+8:     It affects your dexterity (+8).
   rElec:     It insulates you from electricity.
   rPois:     It protects you from poison
Missiles
 m - 3 throwing nets
Armour
 o - a +2 kite shield (worn)
Jewellery
 a - a ring of flight
 d - an amulet of faith
 j - a ring of protection from fire (left tentacle)
 p - a +4 ring of protection (right tentacle)
 s - the ring "Hetul" (on tentacle) {rF++ rC+ rCorr Int+6}
   (You bought it in a shop on level 2 of the Orcish Mines)

   [ring of intelligence]

   Int+6:     It affects your intelligence (+6).
   rF++:      It greatly protects you from fire.
   rC+:       It protects you from cold.
   rCorr:     It protects you from acid and corrosion.
 A - an amulet of reflection (around mantle)
 B - a +4 ring of protection (on tentacle)
 C - a +5 ring of evasion (on tentacle)
 F - the ring of Benlec (on tentacle) {Ice Str+4 Dex+5}
   (You found it on level 1 of the Lair of Beasts)

   [ring of ice]

   Ice:       It enhances your ice magic.
   Str+4:     It affects your strength (+4).
   Dex+5:     It affects your dexterity (+5).
   rF-:       It makes you vulnerable to fire.
   rC+:       It protects you from cold.
 L - the ring "Ujipte" {Ice Will+ Dex+2 SInv}
   (You found it on level 3 of the Lair of Beasts)

   [ring of ice]

   Ice:       It enhances your ice magic.
   Dex+2:     It affects your dexterity (+2).
   rF-:       It makes you vulnerable to fire.
   rC+:       It protects you from cold.
   Will+:     It increases your willpower.
   SInv:      It lets you see invisible.
 N - a ring of ice
 P - a +6 ring of strength (on tentacle)
 U - a ring of fire
Talismans
 i - a blade talisman
 t - a beast talisman (active)
Wands
 g - a wand of flame (56)
 l - a wand of digging (18)
 v - a wand of acid (20)
 x - a wand of polymorph (6)
 y - a wand of mindburst (20)
 z - a wand of charming (26)
 H - a wand of iceblast (10)
Scrolls
 f - a scroll of brand weapon
 h - 7 scrolls of identify
 k - 5 scrolls of teleportation
 n - 5 scrolls of immolation
 D - 2 scrolls of enchant armour
 G - 2 scrolls of revelation
 I - 3 scrolls of fog
 J - 3 scrolls of poison
 M - a scroll of enchant weapon
 T - 3 scrolls of fear
Potions
 b - 7 potions of heal wounds
 c - 2 potions of resistance
 e - 12 potions of curing
 q - 2 potions of ambrosia
 u - 5 potions of berserk rage
 w - 3 potions of mutation
 O - a potion of might
 V - 2 potions of enlightenment
 W - 3 potions of haste
 Z - a potion of invisibility
Miscellaneous
 Q - a phantom mirror
 X - a condenser vane
 Y - a phial of floods


   Skills:
 + Level 9.5 Fighting
 * Level 12.6 Short Blades
 + Level 12.0 Dodging
 + Level 20.6 Stealth
 + Level 12.1 Shields
 - Level 1.6 Conjurations
 - Level 1.1 Hexes
 - Level 11.9 Evocations
 * Level 11.9 Shapeshifting


You had 13 spell levels left.
You knew the following spells:

 Your Spells              Type           Power      Damage    Failure   Level
a - Dazzling Flash        Conj/Hex       10%        N/A       50%         3

Your spell library contained the following spells:

 Spells                   Type           Power      Damage    Failure   Level
 Shock                    Conj/Air       12%        1d3       24%         1
 Apportation              Tloc           0%         N/A       32%         1
 Sandblast                Erth           0%         2d4       32%         1
 Sting                    Tmut/Pois      0%         1d3       32%         1
 Ensorcelled Hibernation  Hex/Ice        6%         N/A       36%         2
 Blink                    Tloc           0%         N/A       43%         2
 Cigotuvi's Dreadful Rot  Necr/Pois/Air  0%         N/A       43%         2
 Passwall                 Tmut/Erth      0%         N/A       43%         2
 Poisonous Vapours        Pois/Air       0%         N/A       43%         2
 Stone Arrow              Conj/Erth      6%         3d7       56%         3
 Inner Flame              Hex/Fire       2%         N/A       61%         3
 Mephitic Cloud           Conj/Pois/Air  2%         N/A       61%         3
 Gell's Gravitas          Tloc           0%         N/A       67%         3
 Ignite Poison            Fire/Tmut/Pois 0%         N/A       67%         3
 Teleport Other           Tloc           0%         N/A       67%         3
 Flame Wave               Conj/Fire      3%         2d5       93%         4
 Iskenderun's Mystic Bla  Conj/Tloc      3%         2d3       93%         4
 Sticky Flame             Conj/Fire      3%         2d3       93%         4
 Manifold Assault         Tloc           0%         N/A       97%         4
 Summon Lightning Spire   Summ/Air       0%         N/A       97%         4
 Agony                    Necr           0%         N/A       100%        5
 Alistair's Intoxication  Tmut/Pois      0%         N/A       100%        5
 Freezing Cloud           Conj/Ice/Air   1%         6-21      100%        5
 Silence                  Hex/Air        1%         N/A       100%        5
 Conjure Ball Lightning   Conj/Air       1%         3x3d6     100%        6
 Starburst                Conj/Fire      1%         6d3       100%        6
 Chain Lightning          Conj/Air       1%         3d2       100%        9


Dungeon Overview and Level Annotations

Branches:
Dungeon (15/15)            Temple (0/1) D:7            Lair (5/5) D:10
  Swamp (4/4) Lair:3       Spider (0/4) Lair:3        Slime (0/5) Lair:4
    Orc (2/2) D:11            Elf (0/3) Orc:2        Vaults (0/5) D:14
 Depths (0/4) D:15

Altars:
Fedhas
Gozag
Kikubaaqudgha
Ru
Vehumet
Xom
The Shining One
Jiyva

Shops:
D:6 =   D:7 =   Orc:2 (=[

Annotations:
Swamp:3 Roxanne


Innate Abilities, Weirdness & Mutations

You are a hulking beast.
Your limbs bulge with bestial killing power. (Slay +4)
You cannot wear most types of armour.
You are amphibious.
You can wear up to eight rings at the same time.
Your skin changes colour to match your surroundings (Stealth+).
Your rubbery body absorbs attacks. (AC +1, EV +1)
You are camouflaged when in or above water. (Stealth+)
You have tentacles for arms and can constrict up to eight enemies at once.
You have very sharp teeth.
One of your tentacles bears a nasty spike.
You are mostly covered in iridescent scales. (AC +4)
You have supernaturally acute eyesight. (SInv)
You are agile. (Dex +4, Str/Int -1)
Your flesh is heat resistant. (rF+)
You are very robust. (+20% HP)
You are covered in thick fur. (AC +2)
You are resistant to electric shocks. (rElec)


Message History

The spectral spriggan berserker barely misses you.
You block the spectral snapping turtle's attack.
The swamp worm is engulfed in spectral mist.
The swamp worm dies!
The spriggan rider is engulfed in spectral mist.
You block the spriggan rider's attack. The ghost crab completely misses you.
The ghost crab claws you.
* * * LOW HITPOINT WARNING * * *
You feel drained.
* * * LOW HITPOINT WARNING * * *
The swamp worm zombie closely misses you.
The spectral fenstrider witch closely misses you.
The spectral fenstrider witch misses you.
Unknown command.
Unknown command.
You release your grip on the swamp worm zombie.
You release your grip on the ghost crab.
You enter the shallow water.
An alligator zombie comes into view.
You are engulfed in spectral mist.
* * * LOW HITPOINT WARNING * * *
The spectral death drake attacks as it pursues you!
The spectral death drake completely misses you.
The spectral snapping turtle completely misses you.
The spectral fenstrider witch hits you.
* * * LOW HITPOINT WARNING * * *
You block the spectral fenstrider witch's attack.
The ghost crab attacks as it pursues you!
The ghost crab bites you but does no damage.
You block the ghost crab's attack.
The spriggan rider is engulfed in spectral mist.
The spriggan rider attacks as it pursues you!
The spriggan rider hits you from afar with a +2 spear of chaos.
* * * LOW HITPOINT WARNING * * *
The swamp worm zombie attacks as it pursues you!
The swamp worm zombie bites you.
* * * LOW HITPOINT WARNING * * *
The spectral spriggan berserker hits you!
You die...
Xom giggles madly!

♣( ♣♣...♣♣♣♣♣~~~~~~ Z≈~
♣.~~.~~~~.♣~.~♣..~~~
..≈≈§♣♣.~~♣.~~~~.~~~~<§..~
.....$♣♣~~♣~)~♣~~§~~~.~~~~
~~......~..^♣♣♣§.~~~~.§§~~
~♣.~~...§(~~♣~~.~~~~..~~~~
♣~~~~.~...~~..~~~~§~.....~
~♣..~~§ZZ§°..§~~.♣..~.....
....~~n☼Zh~.=~~~♣♣.~..~.~♣
[..§~~○○ZZt.~~..~~~~....~.
~.~§~~○Z☼i°...~$..§~.♣♣♣♣.
♣?~~..Z°.°.~.§♣♣~.~~.♣ ♣~~
♣§.$§§~≈≈~~...♣ ♣.~~♣ ♣♣♣
♣♣..~≈≈≈≈≈≈..... ♣♣♣♣ ♣
♣~~≈≈≈≈≈≈≈~~.~~. ♣
♣.≈≈≈.~~≈≈~)~~.~.
♣~≈≈≈...≈≈≈~~~.♣~


You could see a spriggan rider, a ghost crab (strong), a spectral death drake
(summoned), a spectral snapping turtle (summoned), a spectral spriggan berserker
(summoned), a spectral spriggan air mage (summoned), 2 spectral fenstrider
witches, a bog body, an alligator zombie (dormant) and a swamp worm zombie.

Vanquished Creatures
  Mlioglotl (Swamp:1)
  A shadow dragon (Swamp:2)
  Kirke (D:15)
  Aizul (Swamp:2)
  Donald (Swamp:3)
  A fenstrider witch (Swamp:3)
  An orc warlord (Orc:1)
  A ghost moth (Lair:3)
  3 ghouls (Swamp:3)
  2 eleionomae
  An ettin (Swamp:4)
  2 shambling mangroves
  18 hydras
  A death knight (D:15)
  2 ghost crabs
  6 catoblepae
  4 centaur warriors
  12 alligators
  9 boulder beetles
  Erica (D:8)
  A deep troll earth mage (D:15)
  4 two-headed ogres
  A tengu warrior (D:13)
  7 death yaks
  An orc high priest (Orc:1)
  A spriggan berserker (Swamp:3)
  2 skysharks
  2 goliath frogs (Swamp:1)
  A fire crab (Lair:3)
  A pharaoh ant (Lair:3)
  8 skeletal warriors (D:15)
  5 spriggan druids
  3 swamp dragons
  9 bog bodies
  4 orc knights
  A mana viper (shapeshifter) (Lair:3)
  2 deep elf pyromancers
  A harpy (D:15)
  9 cyclopes
  24 ugly things
  2 orc sorcerers
  5 manticores
  13 elephants
  7 will-o-the-wisps
  4 black mambas
  A torpor snail (Lair:4)
  22 cane toads
  9 spectral spriggans (Swamp:3)
  6 rime drakes
  A gargoyle (D:13)
  An unseen horror (D:11)
  3 freezing wraiths
  An efreet (D:14)
  9 komodo dragons
  5 tengu conjurers
  4 tyrant leeches
  13 trolls
  3 polar bears
  A tarantella (shapeshifter) (D:14)
  11 hornets
  12 blink frogs
  5 dream sheep
  28 slime creatures
  2 centaur simulacra (D:14)
  2 shadows
  3 vampires
  A shapeshifter (Lair:1)
  7 wyverns
  53 yaks
  11 spriggans
  6 basilisks
  A hog (D:15)
  3 redbacks (Lair:3)
  4 vampire mosquitoes (D:12)
  12 swamp worms
  An acid dragon (D:10)
  23 water moccasins
  2 black bears
  A swamp drake (Swamp:1)
  27 orc warriors
  A sky beast (D:4)
  12 wolves
  6 ogres
  10 centaurs
  A lemure (D:3)
  19 bullfrogs
  A wyvern zombie (D:5)
  6 kobold brigands
  3 gnoll sergeants
  A water moccasin zombie (D:5)
  3 scorpions
  13 killer bees
  2 howler monkeys
  3 electric eels
  2 jellies
  4 hounds
  13 orc priests
  A bullfrog skeleton (D:5)
  Jessica (D:2)
  5 iguanas
  A sleepcap (D:5)
  22 orc wizards
  Terence (D:2)
  A killer bee zombie (D:5)
  The ghost of LobsterGuardian the Covert, a weakling GnDe of Zin (D:5)
  22 gnolls
  8 adders
  2 worms (D:2)
  2 dart slugs
  48 orcs
  8 ball pythons
  4 bats
  4 endoplasms
  2 giant cockroaches
  7 goblins
  5 hobgoblins
  8 jackals
  4 quokkas
  2 frilled lizards
  17 kobolds
  7 rats
764 creatures vanquished.

Vanquished Creatures (collateral kills)
  A cane toad (Lair:4)
  A blink frog (Lair:5)
  2 dream sheep (Lair:4)
  An orc warrior (D:11)
  A kobold brigand (D:11)
  2 killer bees (D:7)
  2 orc priests
  An orc wizard (D:7)
  6 orcs (D:7)
17 creatures vanquished.

Vanquished Creatures (others)
  A phantasmal warrior (D:15)
  An elephant (D:10)
  2 bloated husks (Swamp:3)
  2 yaks
  A swamp worm (Swamp:4)
  A water moccasin (Lair:3)
  8 foxfires
16 creatures vanquished.

Grand Total: 797 creatures vanquished

Notes
Turn   | Place    | Note
-------+----------+-------------------------------------------
     0 | D:1      | Xavori the Octopode Chaos Knight began the quest for the
                  | Orb.
     0 | D:1      | Reached XP level 1. HP: 16/16 MP: 1/1
    46 | D:1      | Found a faded altar of an unknown god.
    87 | D:1      | Reached XP level 2. HP: 21/21 MP: 2/2
   191 | D:1      | XOM: divination: magic mapping
   251 | D:1      | XOM: silly message
   309 | D:1      | XOM: silly message
   648 | D:1      | XOM: divination: detect items
   756 | D:2      | Reached XP level 3. HP: 17/26 MP: 3/3
  1843 | D:1      | XOM is BORED!
  1843 | D:1      | XOM: give mutations
  1843 | D:1      | Gained mutation: Your mind is acute. (Int +4, Str/Dex -1)
                  | [Xom's mischief]
  1843 | D:1      | Gained mutation: Your magical capacity is low. (-10% MP)
                  | [Xom's mischief]
  1974 | D:1      | XOM: divination: magic mapping
  2116 | D:1      | XOM: cloud trail
  2213 | D:1      | XOM: give mutations
  2213 | D:1      | Gained mutation: You are partially covered in iridescent
                  | scales. (AC +2) [Xom's grace]
  2213 | D:1      | Gained mutation: You are resistant to electric shocks.
                  | (rElec) [Xom's grace]
  2213 | D:1      | Gained mutation: You are robust. (+10% HP) [Xom's grace]
  2309 | D:1      | XOM: cloud trail
  2591 | D:1      | XOM: silly message
  2783 | D:1      | XOM: silly message
  3069 | D:1      | XOM: silly message
  3126 | D:1      | XOM: god gift: runed lajatang {god gift}
  3337 | D:1      | XOM: noise
  3548 | D:1      | XOM: give mutations
  3548 | D:1      | Gained mutation: You possess an exceptional clarity of
                  | mind. [Xom's grace]
  3548 | D:1      | Gained mutation: Your system is resistant to poisons.
                  | (rPois) [Xom's grace]
  3548 | D:1      | Gained mutation: You passively dampen the noise of your
                  | surroundings. [Xom's grace]
  4179 | D:1      | XOM: torment (15/28 hp)
  4246 | D:2      | Identified the +0 pair of boots "Xuwot" {rN+++ Regen+ Str-4
                  | Dex-3}
  4266 | D:2      | Reached skill level 1 in Stealth
  4424 | D:2      | Reached XP level 4. HP: 29/36 MP: 3/3
  4439 | D:2      | Noticed Terence
  4439 | D:2      | XOM: 2-stop teleportation journey
  4442 | D:2      | XOM: blink monster(s)
  4449 | D:2      | Killed Terence
  4450 | D:2      | Reached skill level 2 in Stealth
  4619 | D:2      | Noticed Jessica
  4622 | D:2      | Killed Jessica
  4623 | D:2      | Reached XP level 5. HP: 40/40 MP: 4/4
  4856 | D:3      | Noticed Grinder
  4856 | D:3      | XOM: silly message
  4872 | D:3      | Paralysed by Grinder for 2 turns
  4873 | D:3      | Grinder changed into Grinder the lemure
  4873 | D:3      | Noticed Grinder
  4873 | D:3      | XOM: polymorph Grinder -> Grinder the lemure
  4874 | D:3      | Lost mutation: You are partially covered in iridescent
                  | scales. (AC +2) [potion of mutation]
  4874 | D:3      | Lost mutation: You are resistant to electric shocks.
                  | (rElec) [potion of mutation]
  4874 | D:3      | Lost mutation: Your mind is acute. (Int +4, Str/Dex -1)
                  | [potion of mutation]
  4874 | D:3      | Gained mutation: Your magical capacity is very low. (-20%
                  | MP) [potion of mutation]
  4874 | D:3      | Lost mutation: Your magical capacity is very low. (-20% MP)
                  | [potion of mutation]
  4882 | D:3      | XOM: summons 1 hostile shadow creature
  4885 | D:3      | Killed Grinder the lemure
  4886 | D:3      | Reached skill level 3 in Stealth
  5081 | D:3      | XOM: 2-stop teleportation journey
  5168 | D:3      | Found an opulent altar of Gozag.
  5170 | D:3      | Found a blossoming altar of Fedhas.
  5171 | D:3      | Found a radiant altar of Vehumet.
  5172 | D:3      | Found a sacrificial altar of Ru.
  5173 | D:3      | Found an ancient bone altar of Kikubaaqudgha.
  5220 | D:3      | XOM: 4-stop teleportation journey
  5221 | D:3      | XOM: noise
  5224 | D:3      | Reached skill level 1 in Shapeshifting
  5252 | D:3      | XOM: 8-stop teleportation journey
  5380 | D:3      | Reached XP level 6. HP: 40/47 MP: 5/5
  5469 | D:3      | Reached skill level 4 in Stealth
  5631 | D:2      | XOM: cloud trail
  6343 | D:2      | XOM: god gift: shortbow {god gift}
  6345 | D:2      | XOM: divination: magic mapping
  6508 | D:2      | XOM: god gift: staff of fire
  6774 | D:2      | XOM: scenery: create altars
  7050 | D:2      | XOM: give mutations
  7050 | D:2      | Gained mutation: You are agile. (Dex +4, Str/Int -1) [Xom's
                  | grace]
  7050 | D:2      | Lost mutation: Your magical capacity is low. (-10% MP)
                  | [Xom's grace]
  7050 | D:2      | Gained mutation: Your flesh is cold resistant. (rC+) [Xom's
                  | grace]
  7298 | D:2      | XOM: give mutations
  7298 | D:2      | Gained mutation: Your flesh is very cold resistant. (rC++)
                  | [Xom's grace]
  7298 | D:2      | Gained mutation: Your natural rate of healing is unusually
                  | fast. [Xom's grace]
  7834 | D:2      | XOM: god gift: Xom's Secrets of the Boiling Point {god
                  | gift}
  7837 | D:2      | Got Xom's Secrets of the Boiling Point {god gift}
  7948 | D:2      | XOM: divination: detect creatures
  7965 | D:2      | XOM: scenery: create altars
  8021 | D:2      | XOM: give mutations
  8021 | D:2      | Gained mutation: You have a pair of small antennae on your
                  | head. [Xom's grace]
  8021 | D:2      | Gained mutation: You have very sharp teeth. [Xom's grace]
  8021 | D:2      | Gained mutation: Your spells are a little harder to cast,
                  | but a little more powerful. [Xom's grace]
  8021 | D:2      | Gained mutation: Your flesh is heat resistant. (rF+) [Xom's
                  | grace]
  8415 | D:4      | XOM: scenery: summon butterflies
  8417 | D:4      | XOM: 1-stop teleportation journey
  8535 | D:4      | XOM: summons 3 hostile shadow creatures
  8603 | D:4      | Found a glowing golden altar of the Shining One.
  8656 | D:4      | XOM: summons 3 hostile shadow creatures
  8657 | D:4      | Noticed a black bear
  8714 | D:4      | XOM: draining
  8745 | D:4      | XOM: 2-stop teleportation journey
  8807 | D:4      | XOM: noise
  8818 | D:4      | XOM: confuse monster(s)
  8831 | D:4      | Reached XP level 7. HP: 31/52 MP: 7/7
  9121 | D:5      | Entered Level 5 of the Dungeon
  9123 | D:5      | Reached skill level 5 in Stealth
  9127 | D:5      | XOM: enchant monster (bad)
  9147 | D:4      | Reached skill level 5 in Short Blades
  9181 | D:4      | XOM: give mutations
  9181 | D:4      | Lost mutation: Your flesh is very cold resistant. (rC++)
                  | [Xom's mischief]
  9181 | D:4      | Lost mutation: Your flesh is cold resistant. (rC+) [Xom's
                  | mischief]
  9181 | D:4      | Lost mutation: You possess an exceptional clarity of mind.
                  | [Xom's mischief]
  9195 | D:5      | XOM: swap monsters
  9418 | D:4      | XOM: polymorph gnoll sergeant -> sky beast
  9462 | D:4      | XOM: give mutations
  9462 | D:4      | Gained mutation: Your muscles are strong. (Str +4, Int/Dex
                  | -1) [Xom's grace]
  9462 | D:4      | Gained mutation: You are covered in fur. (AC +1) [Xom's
                  | grace]
  9483 | D:5      | XOM: god gift: scimitar {god gift}
  9585 | D:5      | XOM: enchant monster (good)
  9588 | D:5      | Reached XP level 8. HP: 58/59 MP: 8/8
  9590 | D:5      | Reached skill level 6 in Stealth
  9613 | D:5      | Found a transporter.
  9613 | D:5      | Found a transporter.
  9613 | D:5      | Noticed LobsterGuardian's ghost (weakling GnDe)
  9613 | D:5      | XOM: 8-stop teleportation journey
  9721 | D:5      | XOM: scenery: summon butterflies
  9800 | D:5      | XOM: 1-stop teleportation journey
  9869 | D:5      | Reached skill level 5 in Fighting
  9917 | D:5      | XOM: give mutation
  9917 | D:5      | Gained mutation: You are strong-willed. (Will+) [Xom's
                  | grace]
 10004 | D:5      | Killed LobsterGuardian's ghost
 10173 | D:6      | Found Jyrghukk's Jewellery Emporium.
 10230 | D:6      | Reached skill level 7 in Stealth
 10267 | D:6      | XOM: silly message
 10305 | D:6      | XOM: 2-stop teleportation journey
 10378 | D:6      | Reached skill level 1 in Shields
 10452 | D:6      | XOM: god gift: Xom's Spellbook of Xavori's Peril {god gift}
 10453 | D:6      | Got Xom's Spellbook of Xavori's Peril {god gift}
 10494 | D:7      | Reached XP level 9. HP: 67/67 MP: 9/9
 10496 | D:7      | XOM: polymorph orc -> quokka
 10497 | D:7      | Reached skill level 8 in Stealth
 10628 | D:7      | Found Katoappoot's Jewellery Boutique.
 10663 | D:7      | Reached skill level 5 in Dodging
 10860 | D:7      | Found a staircase to the Ecumenical Temple.
 10870 | D:7      | XOM: cast spell 'Summon Ice Beast'
 10880 | D:7      | Reached skill level 9 in Stealth
 10916 | D:7      | XOM: god gift: murky inky potion {god gift}
 10970 | D:7      | Identified the +4 whip "Keohanue" {freeze, +Blink MP+9
                  | Int+4}
 11164 | D:7      | XOM: god gift: scroll of teleportation
 11171 | D:7      | XOM: silly message
 11263 | D:7      | XOM: silly message
 11321 | D:6      | Bought a +4 ring of protection for 360 gold pieces
 11351 | D:8      | Noticed Erica
 11361 | D:8      | Killed Erica
 11362 | D:8      | Reached skill level 10 in Stealth
 11362 | D:8      | Reached skill level 5 in Shapeshifting
 11755 | D:8      | Reached XP level 10. HP: 72/72 MP: 10/10
 11836 | D:8      | XOM: give mutations
 11836 | D:8      | Gained mutation: One of your tentacles bears a spike.
                  | [Xom's grace]
 11836 | D:8      | Gained mutation: You are covered in thick fur. (AC +2)
                  | [Xom's grace]
 12253 | D:9      | XOM: confuse monster(s)
 12255 | D:9      | Reached skill level 11 in Stealth
 12259 | D:9      | Reached skill level 1 in Evocations
 12311 | D:9      | XOM: cloud trail
 12360 | D:9      | XOM: god gift: 722 gold pieces
 12453 | D:6      | Bought a +4 ring of protection for 360 gold pieces
 12453 | D:6      | Bought a +5 ring of evasion for 360 gold pieces
 12533 | D:10     | Entered Level 10 of the Dungeon
 12579 | D:10     | Found a staircase to the Lair.
 12609 | D:9      | XOM: summons 2 friendly demons
 12651 | D:10     | XOM: fog
 12826 | D:10     | XOM: summons 4 friendly demons
 12909 | D:10     | XOM: cloud trail
 12954 | D:10     | Reached XP level 11. HP: 79/79 MP: 11/11
 13004 | D:10     | XOM: summons friendly iron imp
 13093 | D:10     | XOM: god gift: wand of mindburst (5)
 13185 | D:10     | Reached skill level 12 in Stealth
 13219 | D:10     | XOM: scenery: summon butterflies
 13319 | D:10     | XOM: polymorph hornet -> troll
 13433 | D:10     | XOM: fog
 13442 | D:10     | XOM: give mutation
 13442 | D:10     | Lost mutation: Your spells are a little harder to cast, but
                  | a little more powerful. [Xom's mischief]
 13508 | D:11     | XOM: give mutations
 13508 | D:11     | Gained mutation: You are partially covered in iridescent
                  | scales. (AC +2) [Xom's grace]
 13508 | D:11     | Gained mutation: You are somewhat resistant to further
                  | mutation. [Xom's grace]
 13508 | D:11     | Lost mutation: You are somewhat resistant to further
                  | mutation. [Xom's grace]
 13508 | D:11     | Gained mutation: You have hidden genetic potential. [Xom's
                  | grace]
 13590 | D:11     | Noticed a two-headed ogre
 13596 | D:11     | Killed a two-headed ogre
 13702 | D:11     | Noticed a cyclops
 13706 | D:11     | Killed a cyclops
 13707 | D:11     | Noticed a boulder beetle
 13711 | D:11     | Killed a boulder beetle
 13717 | D:11     | You fall into a shaft and drop 1 floor!
 13734 | D:12     | XOM: scenery: create altars
 13801 | D:12     | Noticed a cyclops
 13811 | D:12     | Killed a cyclops
 13812 | D:12     | Reached skill level 5 in Evocations
 14051 | D:11     | Identified the +6 quarterstaff "Temn" {elec, rElec Dex+2}
 14064 | D:11     | Found a staircase to the Orcish Mines.
 14080 | D:11     | XOM: cast spell 'Summon Horrible Things'
 14105 | D:11     | Reached skill level 13 in Stealth
 14144 | D:11     | XOM: god gift: +1 dagger of chaos
 14220 | D:11     | Reached XP level 12. HP: 88/88 MP: 12/12
 14229 | D:11     | XOM: scenery: 1 doors open
 14235 | D:11     | Noticed a boulder beetle
 14238 | D:11     | XOM: summons 12 friendly demons
 14242 | D:11     | XOM: 2-stop teleportation journey
 14360 | D:11     | XOM: cloud trail
 14410 | D:11     | XOM: enchant monster (good)
 14416 | D:11     | Killed a boulder beetle
 14439 | D:11     | XOM: summons 2 friendly demons
 14451 | D:11     | XOM: give mutation
 14451 | D:11     | Lost mutation: Your system is resistant to poisons. (rPois)
                  | [Xom's mischief]
 14516 | Lair:1   | Entered Level 1 of the Lair of Beasts
 14518 | Lair:1   | XOM: destruction
 14528 | D:10     | XOM: confuse monster(s)
 14538 | Lair:1   | XOM: cleaving
 14540 | D:10     | Gained mutation: You are mostly covered in iridescent
                  | scales. (AC +4) [hidden potential]
 14542 | D:10     | XOM: potion effect (brilliance)
 14543 | D:10     | XOM: divine lightning
 14544 | D:10     | XOM: potion effect (haste)
 14765 | Lair:1   | XOM: enchant monster (good)
 14859 | Lair:1   | Identified the ring of Benlec {Ice Str+4 Dex+5}
 14955 | Lair:1   | XOM: polymorph komodo dragon -> shapeshifter
 14985 | Lair:1   | Reached skill level 14 in Stealth
 15075 | Lair:1   | XOM: god gift: fuming emerald potion {god gift}
 15368 | Lair:2   | XOM: summons 7 friendly demons
 15430 | Lair:2   | XOM: cast spell 'Summon Mana Viper'
 15444 | Lair:2   | Reached skill level 5 in Shields
 16039 | Lair:3   | Noticed a five-headed hydra
 16056 | Lair:3   | Killed a five-headed hydra
 16068 | Lair:3   | Reached skill level 15 in Stealth
 16103 | Lair:3   | Reached XP level 13. HP: 94/94 MP: 13/13
 16111 | Lair:3   | XOM: divine lightning
 16115 | Lair:3   | XOM: cleaving
 16199 | Lair:3   | XOM: enchant monster (good)
 16213 | Lair:3   | XOM: summons friendly quasit
 16244 | Lair:3   | Gained mutation: You are very robust. (+20% HP) [hidden
                  | potential]
 16244 | Lair:3   | Lost mutation: You have hidden genetic potential. [hidden
                  | potential expressed]
 16283 | Lair:3   | XOM: give mutation
 16283 | Lair:3   | Gained mutation: You expend magic power (3 MP) to
                  | strengthen your wands. [Xom's grace]
 16386 | Lair:3   | Reached skill level 16 in Stealth
 16407 | Lair:3   | XOM: polymorph five-headed hydra -> something unseen
 16418 | Lair:3   | Found a staircase to the Swamp.
 16418 | Lair:3   | XOM: 2-stop teleportation journey
 16428 | Lair:3   | Reached skill level 10 in Short Blades
 16439 | Lair:3   | Found a hole to the Spider Nest.
 16470 | Lair:3   | XOM: 5-stop teleportation journey
 16675 | Lair:3   | Identified the ring "Ujipte" {Ice Will+ Dex+2 SInv}
 17032 | Lair:3   | XOM: silly message
 17175 | Lair:3   | Killed a ghost moth
 17301 | Lair:3   | XOM: potion effect (invisibility)
 17330 | Lair:3   | Identified the +5 dagger "Keehul" {antimagic, rElec rPois
                  | Dex+8}
 17434 | Lair:3   | XOM: polymorph torpor snail -> glowing shapeshifter
 18007 | Lair:4   | XOM: noise
 18083 | Lair:4   | Reached skill level 17 in Stealth
 18090 | Lair:4   | Reached XP level 14. HP: 101/110 MP: 4/14
 18179 | Lair:4   | Identified the +1 leather armour "Yhopta Zoinn" {Dex+4}
 18209 | Lair:4   | XOM: enchant monster (good)
 18217 | Lair:4   | XOM: cleaving
 18228 | Lair:4   | XOM: swap monsters
 18321 | Lair:4   | XOM: summons 4 hostile demons
 18503 | Lair:4   | XOM: scenery: summon butterflies
 18504 | Lair:4   | XOM: enchant monster (bad)
 18505 | Lair:4   | XOM: divination: detect creatures
 18512 | Lair:4   | XOM: summons friendly white imp
 18524 | Lair:4   | XOM: enchant monster (good)
 18607 | Lair:4   | Found a staircase to the Slime Pits.
 18608 | Lair:4   | Found a viscous altar of Jiyva.
 18632 | Lair:4   | XOM: snakes to sticks
 18674 | Lair:4   | XOM: potion effect (haste)
 18725 | Lair:4   | Got Ucevesam's Anthology of the Shifting Wendigo
 19053 | Lair:4   | XOM: give mutations
 19053 | Lair:4   | Lost mutation: Your muscles are strong. (Str +4, Int/Dex
                  | -1) [Xom's mischief]
 19053 | Lair:4   | Lost mutation: You expend magic power (3 MP) to strengthen
                  | your wands. [Xom's mischief]
 19053 | Lair:4   | Lost mutation: You passively dampen the noise of your
                  | surroundings. [Xom's mischief]
 19088 | Lair:4   | XOM: god gift: dart of dispersal
 19122 | Lair:5   | Entered Level 5 of the Lair of Beasts
 19141 | Lair:5   | XOM: enchant monster (bad)
 19176 | Lair:5   | XOM: summons 2 friendly demons
 19198 | Lair:5   | XOM: enchant monster (bad)
 19219 | Lair:5   | XOM: summons friendly white imp
 19261 | Lair:5   | XOM: 1-stop teleportation journey
 19270 | Lair:4   | XOM: confusion
 19285 | Lair:4   | XOM: draining
 19367 | Lair:5   | XOM: enchant monster (bad)
 19459 | Lair:5   | Identified a scroll of acquirement
 19460 | Lair:5   | Acquired the +6 short sword of the Disturbing Beasts
                  | {heavy, rElec rF+ Int+2 Dex-2}
 19465 | Lair:5   | XOM: summons 1 hostile demon
 19660 | Lair:5   | XOM: enchant monster (good)
 19673 | Lair:5   | XOM: confusion (+ monsters)
 19766 | Lair:5   | Reached skill level 10 in Dodging
 19822 | Lair:5   | XOM: potion effect (berserk rage)
 19831 | Lair:5   | Reached skill level 10 in Evocations
 19838 | Lair:5   | XOM: cast spell 'Discord'
 19939 | Lair:5   | Reached skill level 10 in Shapeshifting
 20018 | Lair:5   | XOM: summons 2 hostile shadow creatures
 20022 | Lair:5   | XOM: destruction
 20024 | Lair:5   | Reached skill level 18 in Stealth
 20024 | Lair:5   | Reached XP level 15. HP: 72/118 MP: 15/15
 20141 | Lair:5   | XOM: cleaving
 20146 | Lair:5   | XOM: confuse monster(s)
 20262 | Lair:5   | XOM: scenery: summon butterflies
 20644 | Orc:1    | Entered Level 1 of the Orcish Mines
 20691 | Orc:1    | XOM: god gift: staff of cold
 20708 | Orc:1    | XOM: scenery: summon butterflies
 20973 | Orc:2    | Entered Level 2 of the Orcish Mines
 21025 | Orc:1    | XOM: god gift: book of Vapours
 21161 | Orc:2    | Noticed an orc warlord
 21230 | Orc:2    | XOM: give mutation
 21230 | Orc:2    | Gained mutation: You have supernaturally acute eyesight.
                  | (SInv) [Xom's grace]
 21257 | Orc:1    | XOM: give mutations
 21257 | Orc:1    | Gained mutation: You have hidden genetic potential. [Xom's
                  | grace]
 21257 | Orc:1    | Gained mutation: One of your tentacles bears a nasty spike.
                  | [Xom's grace]
 21257 | Orc:1    | Gained mutation: You expend magic power (3 MP) to
                  | strengthen your wands. [Xom's grace]
 21269 | Orc:2    | XOM: enchant monster (good)
 21278 | Orc:1    | XOM: potion effect (haste)
 21285 | Orc:1    | Killed an orc warlord
 21290 | Orc:2    | XOM: cleaving
 21521 | Orc:2    | XOM: 2-stop teleportation journey
 21523 | Orc:2    | Noticed Blork the orc
 21532 | Orc:2    | Blork the orc changed into Blork the gnoll
 21532 | Orc:2    | Noticed Blork
 21532 | Orc:2    | XOM: polymorph Blork the orc -> Blork the gnoll
 21536 | Orc:2    | Killed Blork the gnoll
 21539 | Orc:2    | Found Taajig's Jewellery Shop.
 21558 | Orc:2    | Found Urois's General Store.
 21595 | Orc:2    | XOM: summons friendly quasit
 21751 | Orc:2    | Found a staircase to the Elven Halls.
 21833 | Orc:2    | Found Beannesai's Antique Armour Shop.
 21848 | Orc:2    | Found Dajan's Antique Weapon Shop.
 21955 | Orc:2    | Bought the ring "Hetul" {rF++ rC+ rCorr Int+6} for 804 gold
                  | pieces
 21960 | Orc:2    | Learned a level 3 spell: Dazzling Flash
 22128 | D:12     | XOM: cleaving
 22187 | D:12     | Reached skill level 1 in Conjurations
 22260 | D:12     | XOM: noise
 22506 | D:13     | XOM: noise
 22514 | D:13     | XOM: divination: detect items
 22604 | D:13     | Reached skill level 1 in Hexes
 22649 | D:13     | XOM: 3-stop teleportation journey
 22809 | D:13     | XOM: confuse monster(s)
 22850 | D:13     | XOM: silly message
 23039 | D:13     | XOM: cloud trail
 23260 | D:13     | XOM: cloud trail
 23382 | D:14     | XOM: enchant monster (good)
 23432 | D:14     | XOM: divination: magic mapping
 23460 | D:14     | XOM: potion effect (brilliance)
 23495 | D:14     | XOM: potion effect (curing)
 23498 | D:14     | Reached skill level 10 in Shields
 23556 | D:14     | XOM: potion effect (berserk rage)
 23557 | D:14     | XOM: potion effect (curing)
 23573 | D:14     | XOM: potion effect (curing)
 23581 | D:14     | Reached XP level 16. HP: 127/127 MP: 5/16
 23679 | D:14     | Identified the +10 mace "Beastbane" {drain, rF++ Str-3
                  | SInv}
 23763 | D:14     | Found a gate to the Vaults.
 23950 | D:14     | XOM: silly message
 24267 | D:15     | Entered Level 15 of the Dungeon
 24303 | D:15     | XOM: potion effect (berserk rage)
 24367 | D:15     | XOM: silly message
 24368 | D:15     | XOM: potion effect (brilliance)
 24404 | D:15     | XOM: divination: detect items
 24431 | D:15     | Reached skill level 19 in Stealth
 24524 | D:15     | Gained mutation: You are resistant to electric shocks.
                  | (rElec) [hidden potential]
 24527 | D:15     | Found a staircase to the Depths.
 24608 | D:15     | XOM: potion effect (attraction)
 24621 | D:15     | XOM: enchant monster (bad)
 24660 | D:15     | XOM: stat loss: -1 Str (20/21)
 24736 | D:15     | XOM: noise
 24764 | D:15     | XOM: divination: detect creatures
 24783 | D:15     | XOM: divination: detect items
 24869 | D:15     | Noticed Kirke
 24873 | D:15     | Killed Kirke
 24879 | D:15     | XOM: noise
 24885 | D:15     | XOM: fake destruction
 24888 | D:15     | XOM: divine lightning
 24902 | D:15     | XOM: enchant monster (good)
 25102 | D:15     | XOM: give mutation
 25102 | D:15     | Lost mutation: You have a pair of small antennae on your
                  | head. [Xom's mischief]
 25225 | D:11     | XOM is BORED!
 25225 | D:11     | XOM: summons 6 hostile demons
 25324 | Swamp:1  | Entered Level 1 of the Swamp
 25381 | Swamp:1  | Noticed Mlioglotl
 25421 | Swamp:1  | XOM: cleaving
 25441 | Swamp:1  | XOM: fog
 25450 | Swamp:1  | XOM: divination: magic mapping
 25455 | Swamp:1  | Noticed a tentacled starspawn
 25455 | Swamp:1  | Killed Mlioglotl
 25914 | Swamp:2  | XOM: 1-stop teleportation journey
 25977 | Swamp:2  | Noticed Aizul
 25983 | Swamp:2  | Killed Aizul
 25995 | Swamp:2  | XOM: scenery: 1 doors open
 26005 | Swamp:2  | XOM: noise
 26018 | Swamp:2  | an eleionoma changed into a shadow dragon
 26018 | Swamp:2  | Noticed a shadow dragon
 26018 | Swamp:2  | XOM: polymorph eleionoma -> shadow dragon
 26021 | Swamp:2  | XOM: blink monster(s)
 26027 | Swamp:2  | XOM: confusion
 26044 | Swamp:2  | Killed a shadow dragon
 26049 | Swamp:2  | XOM: draining
 26117 | Swamp:2  | XOM: silly message
 26359 | Swamp:3  | XOM: enchant monster (bad)
 26410 | Swamp:3  | Reached XP level 17. HP: 129/130 MP: 5/17
 26699 | Swamp:3  | XOM: enchant monster (bad)
 26710 | Swamp:3  | XOM: cast spell 'Summon Ice Beast'
 26761 | Swamp:3  | XOM: blink monster(s)
 26779 | Swamp:3  | Reached skill level 20 in Stealth
 26786 | Swamp:3  | Gained mutation: Your flesh is cold resistant. (rC+)
                  | [hidden potential]
 26786 | Swamp:3  | Lost mutation: You have hidden genetic potential. [hidden
                  | potential expressed]
 26909 | Swamp:3  | Noticed Donald
 26915 | Swamp:3  | Killed Donald
 27175 | Swamp:3  | XOM: 2-stop teleportation journey
 27295 | Swamp:3  | Noticed Roxanne
 27297 | Swamp:3  | XOM: repel stairs
 27302 | Swamp:3  | XOM: noise
 27428 | Swamp:4  | Entered Level 4 of the Swamp
 27434 | Swamp:4  | XOM: give mutations
 27434 | Swamp:4  | Lost mutation: You expend magic power (3 MP) to strengthen
                  | your wands. [Xom's mischief]
 27434 | Swamp:4  | Lost mutation: Your flesh is cold resistant. (rC+) [Xom's
                  | mischief]
 27434 | Swamp:4  | Lost mutation: You are strong-willed. (Will+) [Xom's
                  | mischief]
 27434 | Swamp:4  | Lost mutation: Your natural rate of healing is unusually
                  | fast. [Xom's mischief]
 27503 | Swamp:4  | XOM: polymorph goliath frog -> ettin
 27523 | Swamp:4  | XOM: chaos upgrade
 27524 | Swamp:4  | XOM: enchant monster (bad)
 27526 | Swamp:4  | Slain by a spectral spriggan berserker

Illustrated notes

Levels and vault maps discovered:
D:1:      heliophobic_arrival_battle_scene, layout_rooms,
          hellmonk_ecumenical_altar_heavens_door, hangedman_decor_push,
          minmay_misc_feat_hallway
D:2:      layout_rooms, uniq_terence, uniq_jessica
D:3:      layout_loops_cross, minitemple, nrook_campfire, uniq_grinder
D:4:      layout_basic, tso_oasis_becter
D:5:      layout_cave_pools, gammafunk_ghost_mausoleum
D:6:      layout_rooms, dreamdust_mushroom_princess,
          minmay_shop_enchanted_jewellery
D:7:      layout_gridville, minmay_temple_entry_statues, serial_shops, shop
D:8:      layout_cave_pods, dk_noncrumbling_3, uniq_erica
D:9:      minmay_klotski, layout_gridville
D:10:     layout_long_grid, minmay_lair_entry_grove, hangedman_decor_opposing,
          kennysheep_generic_room_3
D:11:     layout_basic, kennysheep_orc_monster_closet_entryway
D:12:     layout_basic
D:13:     layout_irregular_city, drop_trap
D:14:     layout_layer_cave, david_vaults_1, infiniplex_staircase_pillars_1,
          minmay_between
D:15:     hellmonk_depths_entry_around_the_bend, layout_irregular_city,
          serial_park_square1 [serial_park_minivault_5x5_6], hive_lemuel,
          uniq_kirke
Lair:1:   layout_roguey, serial_rivers, chequers_serial_rivers_marsh,
          chequers_serial_rivers_micro_c, chequers_serial_rivers_micro_b,
          chequers_serial_rivers_room_a, chequers_serial_rivers_micro_e,
          chequers_serial_rivers_large_b, infiniplex_staircase_pool
Lair:2:   layout_hall_layers
Lair:3:   nzn_winding_woodlands_huge [nzn_winding_woodlands_5x15_concentric,
          nzn_winding_woodlands_5x15_garden, nzn_winding_woodlands_5x15_jagged,
          nzn_winding_woodlands_5x15_eye, nzn_winding_woodlands_5x15_zeroes,
          nzn_winding_woodlands_5x15_sidewinder,
          nzn_winding_woodlands_5x15_pockets, nzn_winding_woodlands_5x15_cabin,
          nzn_winding_woodlands_5x15_longhouse,
          nzn_winding_woodlands_5x15_pathside_ponds,
          nzn_winding_woodlands_center_triple_pond,
          nzn_winding_woodlands_center_diamonds,
          nzn_winding_woodlands_15x15_thick_spiral], layout_chaotic_city,
          skrybe_swamp_entry_bodies, nicolae_spider_entry_lesser_pyramids
Lair:4:   layout_loops_ring, slime_entry_1, pdpol_lair_cavern_descent
Lair:5:   evilmike_catoblepas_cave, layout_loops_ring
Swamp:1:  layout_falls_marsh, evilmike_swamp_ruin_house_6, uniq_mlioglotl
Swamp:2:  layout_falls_marsh, evilmike_swamp_ruin_house_3, uniq_aizul
Swamp:3:  nicolae_swamp_flooded_prison, layout_basic_swamp,
          evilmike_swamp_ruin_rubble_2, nicolae_swamp_tree_designs, uniq_donald,
          uniq_roxanne
Swamp:4:  swamp_pestilence, layout_basic_swamp, swamp_pool3,
          nicolae_swamp_snake_nest, infiniplex_staircase_pool_2
Orc:1:    layout_caves
Orc:2:    grunt_orc_cross, layout_caves, basic_altar

Skill      XL: |  1  2  3  4  5  6  7  8  9 10 11 12 13 14 15 16 17 |
---------------+----------------------------------------------------+-----
Stealth        | 1 2 3 4 5 7 10 11 13 15 17 18 19 20 | 20.6
Dodging        | 3 4 5 6 7 8 9 10 11 12 | 12.0
Short Blades   | 4 5 6 7 8 9 10 11 12 | 12.6
Fighting       | 4 5 6 7 8 9 |  9.5
Shapeshifting  | 1 2 3 5 6 7 8 9 10 11 | 11.9
Shields        | 1 3 4 5 6 8 10 11 12 | 12.1
Evocations     | 3 5 7 8 10 11 | 11.9
Conjurations   | 1 |  1.6
Hexes          | 1 |  1.1

Action                     |  1- 3 |  4- 6 |  7- 9 | 10-12 | 13-15 | 16-18 || total
---------------------------+-------+-------+-------+-------+-------+-------++-------
  Melee: Short sword       |    70 |   163 |   150 |       |   119 |       ||   502
         Constrict         |    15 |    32 |    42 |    47 |   149 |    57 ||   342
         Tentacles         |    13 |    38 |    58 |   142 |   388 |   234 ||   873
         Punch             |     2 |       |     8 |    12 |    16 |    17 ||    55
         Bite              |       |    12 |    28 |    84 |   194 |   148 ||   466
         Dagger            |       |       |    56 |   482 |   930 |   646 ||  2114
         Kick              |       |       |       |   241 |   586 |   360 ||  1187
    Use: Potion            |       |     5 |     1 |       |       |     1 ||     7
         Scroll            |       |     1 |     8 |     8 |     6 |     2 ||    25
   Stab: Sleeping          |     6 |    12 |    22 |    39 |    53 |    52 ||   184
         Petrifying        |       |     1 |     1 |     1 |     5 |       ||     8
         Paralysed         |       |       |     2 |     1 |       |     1 ||     4
         Confused          |       |       |       |     7 |     2 |       ||     9
         Petrified         |       |       |       |     1 |     2 |       ||     3
         Invisible         |       |       |       |       |     1 |       ||     1
         Distracted        |       |       |       |       |     3 |       ||     3
 Armour: Skin              |    18 |    71 |    81 |   148 |   256 |   119 ||   693
  Dodge: Dodged            |    33 |    93 |   111 |   288 |   487 |   290 ||  1302
  Block: Buckler           |       |       |    23 |   138 |    77 |       ||   238
         Kite shield       |       |       |       |       |   551 |   432 ||   983
         Reflection        |       |       |       |       |    29 |    17 ||    46
   Form: Beast             |       |       |     1 |       |       |       ||     1

Table legend: (Time is in decaauts)
 A = Elapsed time spent in this place.
 B = Non-inter-level travel time spent in this place.
 C = Inter-level travel time spent in this place.
 D = Time resting spent in this place.
 E = Time spent auto-exploring this place.
 F = Levels seen in this place.
 G = Mean time per level.
                   A        B        C        D        E       F      G
               +--------+--------+--------+--------+--------+-----+--------+
         Total |  26539 |  25155 |   1384 |   7499 |  13300 |  26 | 1020.7 |
       Dungeon |  17483 |  16779 |    704 |   7188 |   7420 |  15 | 1165.5 |
          Lair |   5769 |   5205 |    564 |    120 |   3913 |   5 | 1153.8 |
         Swamp |   2032 |   1976 |     56 |     20 |   1298 |   4 |  508.0 |
  Orcish Mines |   1252 |   1193 |     59 |    171 |    669 |   2 |  626.0 |
               +--------+--------+--------+--------+--------+-----+--------+

Top non-repeatable levels by time:
     D:1: 4217 daAuts
     D:2: 3196 daAuts
  Lair:3: 2107 daAuts
  Lair:5: 1255 daAuts
     D:4: 1165 daAuts
  Lair:4: 1111 daAuts
 Swamp:3: 993 daAuts
    D:10: 914 daAuts
    D:11: 865 daAuts
    D:14: 862 daAuts
    D:13: 855 daAuts
     D:7: 843 daAuts
    D:15: 834 daAuts
     D:3: 785 daAuts
  Lair:1: 768 daAuts
